 Dungeon Crawl Stone Soup version 0.20-a0-548-g4f8a798 (webtiles) character file.

60 Alarkh the Slasher (level 3, 0/29 HPs)
             Began as a Demonspawn Monk on Feb 1, 2017.
             Succumbed to an adder's poison
             ... on level 2 of the Dungeon.
             The game lasted 00:02:01 (1631 turns).

Alarkh the Slasher (Demonspawn Monk)                Turns: 1631, Time: 00:02:02

Health: 0/29       AC:  4    Str: 11    XL:     3   Next: 82%
Magic:  3/3        EV: 13    Int: 12    God:
Gold:   133        SH:  0    Dex: 15    Spells: 2/2 levels left

rFire    + . .     SeeInvis .   a - +0 falchion
rCold    . . .     Gourm    .   b - +0 robe
rNeg     . . .     Faith    .   (no shield)
rPois    .         Spirit   .   (no helmet)
rElec    .         Reflect  .   (no cloak)
rCorr    .         Harm     .   m - +0 pair of gloves
MR       .....                  j - +0 pair of boots
Stlth    ++........             (no amulet)
Regen    0.1/turn               (no ring)
                                o - ring of protection from fire

@: lethally poisoned (0 -> -1)
A: claws 1
a: no special abilities


You were on level 2 of the Dungeon.
You were hungry.

You visited 1 branch of the dungeon, and saw 2 of its levels.

You collected 133 gold pieces.

Inventory:

Hand Weapons
 a - a +0 falchion (weapon)
Armour
 b - a +0 robe (worn)
 j - a +0 pair of boots (worn)
 m - a +0 pair of gloves (worn)
Jewellery
 o - a ring of protection from fire (left hand)
Scrolls
 e - a scroll of identify
 h - 2 scrolls of teleportation {unknown}
 l - a scroll of magic mapping
 n - a scroll of enchant weapon {unknown}
 p - a scroll of noise {unknown}
 q - a scroll of enchant armour {unknown}
 r - a scroll of remove curse {unknown}
 s - a scroll of fog {unknown}
Potions
 g - a potion of haste
Comestibles
 c - 2 bread rations
 d - 3 meat rations
 i - 7 chunks of flesh


   Skills:
 - Level 3.0 Fighting
 + Level 4.3 Long Blades
 - Level 2.6 Dodging
 - Level 1.7 Stealth


You had 2 spell levels left.
You didn't know any spells.

Dungeon Overview and Level Annotations

Branches:
Dungeon (2/15)

Altars:
Ashenzari
Kikubaaqudgha
Okawaru


Innate Abilities, Weirdness & Mutations

You have sharp fingernails.


Message History

* * * LOW HITPOINT WARNING * * *
You feel sick.
You flicker for a moment.
Okay, then.
* * * LOW HITPOINT WARNING * * *
You feel sick.
You see here a mace.
Your magical effects are unravelling.
You feel magically purged.
Your magical contamination has completely faded away.
You flicker back into view.
You are feeling hungry.
* * * LOW HITPOINT WARNING * * *
You feel sick.
You see here a dagger.
* * * LOW HITPOINT WARNING * * *
You feel sick.
* * * LOW HITPOINT WARNING * * *
You feel sick.
You die...

.........#######........##......>
###....#.......#........##.......
##)..#................##.......
#...#................#####...#
#....................# #.#.#
##....(..............## ##.#..
#....................###..##.
#........##....####....#.###.
#>........##@.........)....#.
##..รท......##.#...##.)..#....
#.........##...S....).......
#.........#####...#.####)...
#............##.....# #....
#...................####....
#......................#....
#............##.....##......
###.........##..#......##.....


There were no monsters in sight!

Vanquished Creatures
  3 leopard geckos (D:1)
  8 bats
  A giant cockroach (D:1)
  4 goblins
  6 hobgoblins
  11 jackals
  2 ball pythons
  4 frilled lizards
  7 kobolds
  5 rats
51 creatures vanquished.

Notes
Turn   | Place    | Note
-------+----------+-------------------------------------------
     0 | D:1      | Alarkh the Demonspawn Monk began the quest for the Orb.
     0 | D:1      | Reached XP level 1. HP: 18/18 MP: 1/1
    14 | D:1      | Reached skill level 3 in Long Blades
    45 | D:1      | Gained mutation: You have sharp fingernails. [demonic ancestry]
    45 | D:1      | Reached XP level 2. HP: 14/24 MP: 2/2
   779 | D:1      | Reached XP level 3. HP: 29/29 MP: 3/3
  1192 | D:2      | Reached skill level 4 in Long Blades
  1561 | D:2      | Found an iron altar of Okawaru.
  1561 | D:2      | Found an ancient bone altar of Kikubaaqudgha.
  1561 | D:2      | Found a shattered altar of Ashenzari.
  1627 | D:2      | HP: 1/29 [poisoned by an adder]
  1631 | D:2      | Succumbed to an adder's poison

Vault maps used:
D:1:      onia_arrival_mini_spirals
D:2:      gammafunk_temple_overflow_forgotten

Skill      XL: |  1  2  3 |
---------------+----------+-----
Long Blades    | 3 4 |  4.3
Fighting       | |  3.0
Dodging        | |  2.6
Stealth        | |  1.7

Action                   || total
-------------------------++-------
Melee: Falchion          ||   124
  Use: Scroll            ||     4
       Potion            ||     2
 Stab: Sleeping          ||     5
  Eat: Chunk             ||     2
Armor: Robe              ||    31
Dodge: Dodged            ||   115
       Rpst.: Falchion   ||    40
